AoeStats
← ZSeagull

Hill Fort

505169140Analyzed
2v2 RM · 24d ago on Sep 8, 2026· 46m 8s· 4 players
Game mode
Random Map
Map size
Medium (4 player)
Population
200
Speed
Normal
Resources
Standard
Victory
Conquest
Starting age
Dark Age
Ending age
Imperial Age
RankedLock teamsTeams togetherTeam positionsShared explorationLock speedFull tech treeHidden civsTurbo modeCheats
Victory
Defeat
🇬🇹 Vietnamese · Guatemala
1469
+15
🇬🇹 Gurjaras · Guatemala
1414
+17
🇳🇿 Georgians · New Zealand
1435
-16
🇦🇺 Mapuche · Australia
1435
-16
ZSeagull
7:32 Loom
10:29 Feudal Age
16:18 Castle Age
16:46 Double-Bit Axe
16:45 Horse Collar
19:32 Scale Barding Armor
29:42 Forging
31:48 Chain Barding Armor
33:04 Pikeman
34:41 Iron Casting
34:06 Scale Mail Armor
35:55 Squires
36:18 Chain Mail Armor
37:56 Wheelbarrow
39:31 Svan Towers
39:24 Guard Tower
43:06 Imperial Age
40:40 Heavy Plow
42:04 Masonry
44:23 Plate Barding Armor
45:03 Blast Furnace
43:25 Halberdier
gygciu
7:08 Loom
11:02 Feudal Age
15:22 Castle Age
15:37 Double-Bit Axe
15:55 Fletching
16:32 Bodkin Arrow
22:10 Padded Archer Armor
23:42 Ballistics
25:29 Elite Skirmisher
29:23 Leather Archer Armor
35:17 Bow Saw
34:49 Horse Collar
41:21 Imperial Age
39:36 Heavy Plow
40:07 Malon
43:02 Chemistry
41:25 Elite Bolas Rider
44:04 Ring Archer Armor
Balam
6:46 Loom
9:35 Feudal Age
9:39 Man-at-Arms
17:28 Fletching
22:26 Castle Age
20:37 Double-Bit Axe
21:49 Gold Mining
21:39 Horse Collar
23:04 Bodkin Arrow
22:30 Crossbowman
23:26 Padded Archer Armor
24:12 Bow Saw
25:06 Ballistics
26:06 Leather Archer Armor
26:01 Thumb Ring
35:27 Wheelbarrow
40:06 Imperial Age
40:13 Hand Cart
39:50 Stone Mining
40:50 Bracer
40:15 Arbalester
42:07 Chemistry
45:08 Two-Man Saw
44:44 Stone Shaft Mining
44:27 Treadmill Crane
Ares2809
10:25 Loom
13:09 Feudal Age
13:58 Double-Bit Axe
13:58 Horse Collar
14:39 Gold Mining
17:02 Castle Age
18:45 Heavy Plow
19:36 Wheelbarrow
19:59 Bow Saw
21:11 Forging
22:05 Scale Barding Armor
22:53 Gold Shaft Mining
22:43 Hand Cart
23:15 Town Watch
24:40 Bloodlines
25:23 Chain Barding Armor
25:50 Stone Mining
26:56 Husbandry
28:32 Iron Casting
28:57 Kshatriyas
30:19 Fletching
36:20 Imperial Age
34:37 Stone Shaft Mining
35:22 Bodkin Arrow
35:56 Ballistics
35:23 Light Cavalry
36:24 Heavy Camel Rider
37:41 Plate Barding Armor
38:20 Frontier Guards
39:04 Conscription
40:29 Chemistry
39:12 Treadmill Crane
41:16 Crop Rotation
41:16 Masonry
41:15 Hussar
Connection lost

Rejoining the realm…

Still unreachable

The connection could not be restored.

Session expired

The server has moved on; the page needs a fresh start.